 Dungeon Crawl Stone Soup version 0.28.0-45-g0d030f2227 (webtiles) character file.

Game seed: 12685954210246237062

44 Iusername the Covered (level 3, 0/33 HPs)
             Began as a Minotaur Fighter on Apr 4, 2022.
             Succumbed to a kobold's poison
             ... on level 2 of the Dungeon.
             The game lasted 00:03:16 (1388 turns).

Iusername the Covered (Minotaur Fighter)            Turns: 1388, Time: 00:03:16

Health: 0/33       AC:  8    Str: 20    XL:     3   Next: 39%
Magic:  2/2        EV:  9    Int:  7    God:
Gold:   14         SH:  4    Dex:  9    Spells: 2/2 levels left

rFire   . . .      SeeInvis .   a - +0 trident
rCold   . . .      Faith    .   c - +0 buckler
rNeg    . . .      Spirit   .   b - +0 scale mail
rPois   .          Reflect  .   (helmet restricted)
rElec   .          Harm     .   d - +0 cloak
rCorr   .          Rampage  .   (no gloves)
Will    .....                   (no boots)
Stlth   ..........              (no amulet)
HPRegen 0.11/turn               (no ring)
MPRegen 0.08/turn               (no ring)

@: lethally poisoned (0 -> -13)
A: horns 2, retaliatory headbutt
a: no special abilities


You were on level 2 of the Dungeon.
You visited 1 branch of the dungeon, and saw 2 of its levels.

You collected 14 gold pieces.

Inventory:

Hand Weapons
 a - a +0 trident (weapon)
 m - a +0 club
Armour
 b - a +0 scale mail (worn)
 c - a +0 buckler (worn)
 d - a +0 cloak (worn)
Scrolls
 f - a scroll of fog {unknown}
 g - a scroll of amnesia {unknown}
 h - a scroll of identify {unknown}
 i - a scroll of teleportation {unknown}
 j - a scroll of enchant armour {unknown}
 k - a scroll of blinking {unknown}
 l - a scroll of magic mapping {unknown}
Potions
 e - a potion of curing {unknown}


   Skills:
 + Level 4.0 Fighting
 + Level 3.0 Polearms
 + Level 4.5 Armour
 + Level 0.1 Dodging
 + Level 3.9 Shields


You had 2 spell levels left.
You didn't know any spells.
Your spell library was empty.

Dungeon Overview and Level Annotations

Branches:
Dungeon (2/15)

Altars:


Innate Abilities, Weirdness & Mutations

You have a pair of horns on your head.
You reflexively headbutt those who attack you in melee.


Message History

You block the goblin's attack. The goblin closely misses you.
You closely miss the goblin. You headbutt the goblin.
You kill the goblin!
The goblin hits you but does no damage. The goblin barely misses you.
You puncture the goblin!
You kill the goblin!
A kobold comes into view. It is wielding a +2 dagger of venom.
Things that are here:
a +0 dagger; a goblin corpse
Things that are here:
a +0 dagger; a goblin corpse The kobold closely misses you.
Things that are here:
a +0 dagger; a goblin corpse The kobold barely misses you.
The kobold hits you but does no damage.
You are poisoned.
You see here a +0 dagger.
You feel very sick.
The kobold hits you with a +2 dagger of venom.
You are more poisoned.
You feel very sick. The kobold hits you but does no damage.
You are more poisoned.
You see here a +0 dagger.
You feel very sick.
You feel very sick. The kobold closely misses you.
You feel very sick. The kobold hits you but does no damage.
You are lethally poisoned!
You puncture the kobold!
You kill the kobold!
* * * LOW HITPOINT WARNING * * *
You feel very sick.
* * * LOW HITPOINT WARNING * * *
You feel very sick.
You die...

#. #.
#.##########
...........
#..........
#..........
#.......... ..
#..@....... ....
#..).......
....###.)........
.................
..........##.###.
..........##..##.
#####.#....#.<..
#.........####
###...........


There were no monsters in sight!

Vanquished Creatures
  A worm (D:2)
  3 dart slugs (D:1)
  4 endoplasms (D:1)
  5 goblins
  3 hobgoblins (D:1)
  3 jackals (D:1)
  A quokka (D:1)
  A ball python (D:1)
  2 bats (D:1)
  2 frilled lizards
  3 kobolds
  5 rats
33 creatures vanquished.

Notes
Turn   | Place    | Note
-------+----------+-------------------------------------------
     0 | D:1      | Iusername the Minotaur Fighter began the quest for the Orb.
     0 | D:1      | Reached XP level 1. HP: 19/19 MP: 0/0
    67 | D:1      | Reached XP level 2. HP: 5/27 MP: 1/1
  1158 | D:1      | Reached XP level 3. HP: 33/33 MP: 2/2
  1388 | D:2      | Succumbed to a kobold's poison

Illustrated notes

Levels and vault maps discovered:
D:1:      scummos_arrival_hexagon, layout_basic, minivault_24
D:2:      layout_rooms, shapermc_ecumenical_altar_hornbeckon,
          serial_bayou_crossing

Skill      XL: |  1  2  3 |
---------------+----------+-----
Armour         | 4 |  4.5
Fighting       | 4 |  4.0
Polearms       | 3 |  3.0
Dodging        | |  0.1
Shields        | |  3.9

Action                   || total
-------------------------++-------
Melee: Trident           ||    63
       Headbutt          ||    11
  Use: Potion            ||     1
Armor: Scale mail        ||    69
Dodge: Dodged            ||    55
Block: Buckler           ||    22
